 Dungeon Crawl Stone Soup version 0.29-a0-344-ge2f44be95a (webtiles) character file.

Game seed: 1759507529785393170

238 KateM the Chopper (level 5, -1/48 HPs)
             Began as a Minotaur Fighter on Apr 21, 2022.
             Slain by leebro123's ghost (4 damage)
             ... on level 3 of the Dungeon.
             The game lasted 00:02:34 (2405 turns).

KateM the Chopper (Minotaur Fighter)                Turns: 2405, Time: 00:02:34

Health: -1/48      AC:  7    Str: 22    XL:     5   Next: 78%
Magic:  4/4        EV:  9    Int:  5    God:
Gold:   96         SH:  4    Dex: 10    Spells: 4/4 levels left

rFire   . . .      SeeInvis .   a - +0 war axe
rCold   . . .      Faith    .   c - +0 buckler
rNeg    . . .      Spirit   .   b - +0 scale mail
rPois   .          Reflect  .   (helmet restricted)
rElec   .          Harm     .   (no cloak)
rCorr   .          Rampage  .   (no gloves)
Will    +....                   (no boots)
Stlth   ..........              p - amulet of the acrobat
HPRegen 0.16/turn               o - ring of willpower
MPRegen 0.09/turn               (no ring)

@: mighty, very slow
A: horns 2, retaliatory headbutt
a: no special abilities


You were on level 3 of the Dungeon.
You visited 1 branch of the dungeon, and saw 3 of its levels.

You collected 96 gold pieces.

Inventory:

Hand Weapons
 a - a +0 war axe (weapon)
Armour
 b - a +0 scale mail (worn)
 c - a +0 buckler (worn)
Jewellery
 o - a ring of willpower (left hand)
 p - an amulet of the acrobat (around neck)
Scrolls
 e - a scroll of immolation {unknown}
 i - 3 scrolls of magic mapping {unknown}
 k - 2 scrolls of teleportation {unknown}
 m - 5 scrolls of identify {unknown}
 n - a scroll of acquirement {unknown}
 q - a scroll of vulnerability {unknown}
Potions
 d - 2 potions of might
 f - a potion of lignification {unknown}
 g - 8 potions of curing {unknown}
 h - 2 potions of attraction {unknown}
 j - a potion of ambrosia {unknown}
 l - a potion of degeneration {unknown}


   Skills:
 + Level 5.0 Fighting
 * Level 5.5 Axes
 + Level 5.0 Armour
 - Level 3.6 Shields


You had 4 spell levels left.
You didn't know any spells.
Your spell library contained the following spells:

 Spells                   Type           Power      Damage    Failure   Level
 Slow                     Hex            0%         N/A       87%         1
 Confusing Touch          Hex            0%         N/A       99%         3
 Summon Guardian Golem    Hex/Summ       0%         N/A       99%         3
 Tukima's Dance           Hex            0%         N/A       99%         3
 Vampiric Draining        Necr           0%         2d6       99%         3
 Passage of Golubria      Tloc           0%         N/A       100%        4
 Summon Ice Beast         Ice/Summ       0%         N/A       100%        4
 Summon Mana Viper        Hex/Summ       0%         N/A       100%        5
 Yara's Violent Unravell  Hex/Tmut       0%         3d3       100%        5
 Monstrous Menagerie      Summ           0%         N/A       100%        7
 Orb of Destruction       Conj           0%         9d5       100%        7
 Spellforged Servitor     Conj/Summ      0%         N/A       100%        7


Dungeon Overview and Level Annotations

Branches:
Dungeon (3/15)

Altars:
Dithmenos
Okawaru
Uskayaw
Wu Jian

Shops:
D:3 [

Annotations:
D:3 1 runed translucent door, leebro123's ghost, amateur KoHu


Innate Abilities, Weirdness & Mutations

You have a pair of horns on your head.
You reflexively headbutt those who attack you in melee.


Message History

Leebro123's ghost is lightly damaged.
Leebro123's ghost hits you.
You barely miss leebro123's ghost.
Leebro123's ghost is lightly damaged.
Leebro123's ghost hits you but does no damage.
Your unstable footing causes you to fumble your attack.
Leebro123's ghost hits you but does no damage.
You block leebro123's ghost's attack.
You closely miss leebro123's ghost.
Leebro123's ghost is lightly damaged.
Leebro123's ghost hits you.
You hit leebro123's ghost but do no damage.
You headbutt leebro123's ghost.
Leebro123's ghost is moderately damaged.
You block leebro123's ghost's attack.
You hit leebro123's ghost but do no damage.
Leebro123's ghost is moderately damaged.
Leebro123's ghost barely misses you. You block leebro123's ghost's attack.
You miss leebro123's ghost.
Leebro123's ghost is moderately damaged.
Leebro123's ghost hits you.
Your unstable footing causes you to fumble your attack.
Leebro123's ghost hits you but does no damage.
Your unstable footing causes you to fumble your attack.
Leebro123's ghost hits you but does no damage.
You completely miss leebro123's ghost.
Leebro123's ghost is moderately damaged.
Leebro123's ghost hits you!
* * * LOW HITPOINT WARNING * * *
Leebro123's ghost hits you.
* * * LOW HITPOINT WARNING * * *
You completely miss leebro123's ghost.
Leebro123's ghost is moderately damaged.
Leebro123's ghost hits you but does no damage.
Your unstable footing causes you to fumble your attack.
Leebro123's ghost hits you.
* * * LOW HITPOINT WARNING * * *
You feel very mighty all of a sudden. Leebro123's ghost hits you.
You die...

####..# #.##.# #.###.....##
#.###.# #.##.###.##.......##
...##.######.#...##.#.........###
....................'.........+..
...##.########...####.........###
#.###.# ##.###..........## ###
#.#############.###.....##
#..#W≈≈≈≈≈≈≈≈#..# ##...## #
#..+F≈≈≈[≈≈W@†..# ##'## ##
#####..#≈≈≈≈≈≈≈≈≈#.## #.# #.
......############## #.# ##
####### #.# ##.## # #.# ##...##
#.#########.....#
#.........)....######
#############........ #.#######


You could see leebro123's ghost.

Vanquished Creatures
  A bullfrog (D:3)
  An orc priest (D:3)
  Jessica (D:3)
  3 adders
  2 river rats (D:3)
  A dart slug (D:2)
  2 orcs (D:3)
  5 endoplasms
  3 giant cockroaches
  3 goblins
  7 hobgoblins
  4 jackals (D:1)
  5 quokkas
  12 ball pythons
  3 bats
  2 frilled lizards
  8 kobolds
  3 rats (D:1)
66 creatures vanquished.

Notes
Turn   | Place    | Note
-------+----------+-------------------------------------------
     0 | D:1      | KateM the Minotaur Fighter began the quest for the Orb.
     0 | D:1      | Reached XP level 1. HP: 19/19 MP: 0/0
   103 | D:1      | Reached XP level 2. HP: 12/27 MP: 1/1
   272 | D:1      | Found a faded altar of an unknown god.
   609 | D:1      | Reached XP level 3. HP: 33/33 MP: 2/2
  1450 | D:3      | Found a hide-covered altar of Uskayaw.
  1454 | D:3      | Reached XP level 4. HP: 39/40 MP: 3/3
  1622 | D:3      | Found a shadowy altar of Dithmenos.
  1635 | D:3      | Found an iron altar of Okawaru.
  1666 | D:3      | Found Muapsubamm's Armour Boutique.
  2007 | D:3      | Noticed Jessica
  2011 | D:3      | Killed Jessica
  2063 | D:3      | Found a runed translucent door.
  2064 | D:3      | Noticed leebro123's ghost (amateur KoHu)
  2064 | D:3      | Noticed a bullfrog
  2187 | D:3      | Found an ornate altar of the Wu Jian Council.
  2196 | D:3      | Reached XP level 5. HP: 43/47 MP: 4/4
  2311 | D:3      | Found a runed translucent door.
  2376 | D:3      | Reached skill level 5 in Axes
  2380 | D:3      | Reached skill level 5 in Fighting
  2380 | D:3      | Reached skill level 5 in Armour
  2405 | D:3      | Slain by leebro123's ghost

Illustrated notes

Levels and vault maps discovered:
D:1:      saegor_arrival_simple_a, layout_basic,
          hellmonk_ecumenical_altar_crossroads
D:2:      minmay_general_purpose_star, layout_basic
D:3:      layout_loops_corners, nicolae_overflow_hidden_temple,
          grunt_dithmenos_smoke_and_mirrors, lemuel_tele_altar,
          lemuel_round_altar, serial_shops, nicolae_diamond_shop,
          ebering_ghost_sewer_f, uniq_jessica

Skill      XL: |  1  2  3  4  5 |
---------------+----------------+-----
Axes           | 3 4 5 |  5.5
Armour         | 4 5 |  5.0
Fighting       | 4 5 |  5.0
Shields        | |  3.6

Action                   |  1- 3 |  4- 6 || total
-------------------------+-------+-------++-------
Melee: War axe           |   107 |    58 ||   165
       Headbutt          |    17 |     3 ||    20
  Use: Potion            |       |     1 ||     1
Armor: Scale mail        |    54 |    25 ||    79
Dodge: Dodged            |    48 |    32 ||    80
Block: Buckler           |    24 |    14 ||    38

Table legend: (Time is in decaauts)
 A = Elapsed time spent in this place.
 B = Non-inter-level travel time spent in this place.
 C = Inter-level travel time spent in this place.
 D = Time resting spent in this place.
 E = Time spent auto-exploring this place.
 F = Levels seen in this place.
 G = Mean time per level.
                   A        B        C        D        E       F      G
               +--------+--------+--------+--------+--------+-----+--------+
         Total |   2459 |   2459 |      0 |    154 |   1858 |   3 |  819.7 |
       Dungeon |   2459 |   2459 |      0 |    154 |   1858 |   3 |  819.7 |
               +--------+--------+--------+--------+--------+-----+--------+

Top non-repeatable levels by time:
     D:3: 1029 daAuts
     D:1: 725 daAuts
     D:2: 704 daAuts
